 Dungeon Sprint DCSS version 0.26-a0-651-gb41185065b (webtiles) character file.

Game seed: 6825884797942947823

35517 ytrimaz the Hoplite (level 13, 0/136 HPs)
             Began as a Minotaur Fighter on Sept 29, 2020.
             Was the Champion of Makhleb.
             Slain by a red devil
             ... wielding a cursed -1 trident
             ... summoned by a greater mummy
              (8 damage)
             ... in the Dungeon (Sprint V: "Ziggurat Sprint").
             The game lasted 00:11:23 (1129 turns).

ytrimaz the Hoplite (Minotaur Fighter)              Turns: 1129, Time: 00:11:24

Health: 0/136      AC: 34    Str: 32    XL:     13   Next: 48%
Magic:  12/12      EV:  5    Int:  5    God:    Makhleb [******]
Gold:   0          SH: 37    Dex: 10    Spells: 12/12 levels left

rFire    . . .     SeeInvis .   o - +7 Screaming Sword {vorpal, sonic wave}
rCold    . . .     Faith    .   n - +18 shield of the Gong {rElec rN+ MR+ EV-5}
rNeg     + . .     Spirit   .   m - +15 Maxwell's patent armour {-Cast -Tele rElec MR+ rCorr}
rPois    +         Reflect  .   (helmet restricted)
rElec    +         Harm     .   (no cloak)
rCorr    +         Rampage  .   (no gloves)
MR       +++..     NoTele   +   a - +1 pair of boots {run} Stlth ..........NoCast +
                                (no amulet)
HPRegen  0.32/turn              E - ring of the Skies Above {rElec MR+ Str+6}
MPRegen  0.13/turn              w - ring "Seoremos" {*Contam rElec rPois Stlth+}

@: slowed, very slow
A: retaliatory headbutt, horns 2
a: Minor Destruction, Lesser Servant of Makhleb, Major Destruction, Greater
Servant of Makhleb, Renounce Religion


You were in the Dungeon.
You worshipped Makhleb.
Makhleb was exalted by your worship.
You visited 1 branch

Inventory:

Hand Weapons
 b - the +7 battleaxe "Jinun" {speed, rPois rC++ Str+2 Dex-4}
   (You found it in the Dungeon)

   Attacks with this weapon are significantly faster.
   It affects your strength (+2).
   It affects your dexterity (-4).
   It greatly protects you from cold.
   It protects you from poison.
 k - the +10 dark maul {vorpal}
   (You found it in the Dungeon)

   It inflicts extra damage upon your enemies.
 o - the +7 Screaming Sword (weapon) {vorpal, sonic wave}
   (You found it in the Dungeon)

   It inflicts extra damage upon your enemies.
 p - the +8 lance "Wyrmbane" {slay drac, rPois rF+ rC+ AC+3}
   (You found it in the Dungeon)

   It affects your AC (+3).
   It protects you from fire.
   It protects you from cold.
   It protects you from poison.
 q - the +9 sword of Zonguldrok {reap}
   (You found it in the Dungeon)

   If a monster killed with it leaves a corpse in good enough shape, the corpse
   will be animated as a zombie friendly to the killer.
 s - the +7 broad axe of Boklixt {vorpal, rF++ rC+++ Dex-2 Stlth+}
   (You found it in the Dungeon)

   It inflicts extra damage upon your enemies.
   It affects your dexterity (-2).
   It greatly protects you from fire.
   It renders you almost immune to cold.
   It makes you more stealthy.
Armour
 a - a +1 pair of boots of running (worn)
 m - the +15 Maxwell's patent armour (worn) {-Cast -Tele rElec MR+ rCorr}
   (You found it in the Dungeon)

   It insulates you from electricity.
   It affects your resistance to hostile enchantments.
   It prevents spellcasting.
   It prevents most forms of teleportation.
   It provides partial protection from all sources of acid and corrosion.
 n - the +18 shield of the Gong (worn) {rElec rN+ MR+ EV-5}
   (You found it in the Dungeon)

   It affects your evasion (-5).
   It insulates you from electricity.
   It protects you from negative energy.
   It affects your resistance to hostile enchantments.
Jewellery
 r - an uncursed ring of fire
 w - the ring "Seoremos" (right hand) {*Contam rElec rPois Stlth+}
   (You found it in the Dungeon)

   [ring of stealth]

   It insulates you from electricity.
   It protects you from poison.
   It causes magical contamination when unequipped.
   It makes you more stealthy.
 E - the ring of the Skies Above (left hand) {rElec MR+ Str+6}
   (You found it in the Dungeon)

   [ring of strength]

   It affects your strength (+6).
   It insulates you from electricity.
   It affects your resistance to hostile enchantments.
 N - the amulet of Yfomuv {Inacc MR+ Dex+4 SInv}
   (You found it in the Dungeon)

   [amulet of inaccuracy]

   It reduces the accuracy of all your attacks.
   It affects your dexterity (+4).
   It affects your resistance to hostile enchantments.
   It lets you see invisible.
Wands
 y - a wand of disintegration (7)
 z - a wand of iceblast (7)
 A - a wand of acid (7)
Scrolls
 c - 3 scrolls of brand weapon
 j - 4 scrolls of blinking
 G - 4 scrolls of amnesia
 H - 7 scrolls of fog
 I - a scroll of holy word
 J - 5 scrolls of identify
 K - 5 scrolls of remove curse
 L - 2 scrolls of fear
Potions
 d - 6 potions of might
 e - 10 potions of curing
 f - 13 potions of heal wounds
 g - 10 potions of haste
 h - 7 potions of magic
 i - 3 potions of berserk rage
 B - 2 potions of brilliance
 C - 2 potions of invisibility
 D - 4 potions of resistance
 F - 5 potions of stabbing


   Skills:
 + Level 18.6 Fighting
 - Level 20.0 Long Blades
 - Level 2.4 Axes
 + Level 15.9 Armour
 - Level 3.3 Dodging
 + Level 25.5 Shields


You had 12 spell levels left.
You didn't know any spells.
Your spell library contained the following spells:

 Spells                   Type           Power        Failure   Level
 Apportation              Tloc           #.....       94%         1
 Magic Dart               Conj           #...         94%         1
 Blink                    Tloc           N/A          98%         2
 Poisonous Vapours        Pois/Air       #.....       98%         2
 Searing Ray              Conj           #.....       98%         2
 Conjure Flame            Conj/Fire      #.......     100%        3
 Dazzling Flash           Conj/Hex       #.....       100%        3
 Gell's Gravitas          Tloc           #.........   100%        3
 Ignite Poison            Fire/Tmut/Pois #.......     100%        3
 Lesser Beckoning         Tloc           #.........   100%        3
 Mephitic Cloud           Conj/Pois/Air  #.......     100%        3
 Spider Form              Tmut/Pois      #.........   100%        3
 Teleport Other           Tloc           #.......     100%        3
 Tukima's Dance           Hex            #.......     100%        3
 Fulminant Prism          Conj/Hex       #.........   100%        4
 Ice Form                 Ice/Tmut       #.......     100%        4
 Iskenderun's Mystic Bla  Conj/Tloc      #.......     100%        4
 Leda's Liquefaction      Hex/Erth       #.........   100%        4
 Passage of Golubria      Tloc           N/A          100%        4
 Sticky Flame             Conj/Fire      #.......     100%        4
 Alistair's Intoxication  Tmut/Pois      #........    100%        5
 Bolt of Magma            Conj/Fire/Erth #.........   100%        5
 Excruciating Wounds      Necr           #.........   100%        5
 Fireball                 Conj/Fire      #.........   100%        5
 Eringya's Noxious Bog    Tmut/Pois      #.........   100%        6
 Freezing Cloud           Conj/Ice/Air   #.........   100%        6
 Invisibility             Hex            #.......     100%        6
 Iron Shot                Conj/Erth      #.........   100%        6
 Starburst                Conj/Fire      #.........   100%        6
 Statue Form              Tmut/Erth      #........    100%        6
 Malign Gateway           Summ/Tloc      #.........   100%        7
 Monstrous Menagerie      Summ           #.........   100%        7
 Summon Greater Demon     Summ           #.........   100%        7
 Ignition                 Fire           #.........   100%        8
 Summon Horrible Things   Summ           #.........   100%        8
 Shatter                  Erth           #.........   100%        9


Dungeon Overview and Level Annotations

Branches:
Dungeon (1/1)

Altars:
Ashenzari
Cheibriados
Dithmenos
Elyvilon
Fedhas
Gozag
Hepliaklqana
Kikubaaqudgha
Makhleb
Nemelex Xobeh
Okawaru
Qazlal
Ru
Sif Muna
Trog
Uskayaw
Vehumet
Wu Jian
Xom
Yredelemnul
Zin
The Shining One
Beogh
Jiyva
Lugonu

Annotations:
D 1 transporter


Innate Abilities, Weirdness & Mutations

You reflexively headbutt those who attack you in melee.
You have a pair of horns on your head.


Message History

The sixfirhy disappears in a puff of smoke!
The greater mummy calls on the powers of darkness!
Your body is wracked with pain!
* * * LOW HITPOINT WARNING * * *
The greater mummy gestures wildly while chanting.
You block the ynoxinul's attack.
BONNNG!
Unknown command.
Unknown command.
You hit the greater mummy but do no damage.
The greater mummy is severely damaged.
The ynoxinul disappears in a puff of smoke!
You block the greater mummy's attack.
GONNNNG!
You block the greater mummy's attack.
GONNNNG!
You block the rust devil's attack.
PTOANNNG!
The red devil hits you from afar with a cursed -1 trident!
You die...

▓▓▓▓▓▓▓▓▓▓▓▓▓▓▓▓▓▓▓▓▓▓▓▓
▓.....8©8.....▓....8©8..
▓..)..)..):...▓..|)|).}[
▓...")=):=....▓..).)))|}
▓.............▓.........
▓.....4.|.....▓......)..
▓....4M@......▓....†....
▓.....§M|.....▓...†.††..
▓.....4.......▓..▓.....▓
▓..▓.......▓..▓.▓.▓†..▓.
▓. ▓▓.....▓▓ .▓..▓.....▓
▓..▓.......▓..▓.....©...
▓.............▓▓▓▓▓▓▓▓▓▓
▓......©......▓....8©8..
▓▓▓▓▓▓▓▓▓▓▓▓▓▓▓....[.)=[


You could see 2 greater mummies, an ice devil (summoned), a rust devil
(summoned) and a red devil (summoned).

Vanquished Creatures
  A greater mummy (D)
  A deep elf blademaster (D)
  A fire giant (D)
  An orc warlord (D)
  2 deep elf sorcerers (D)
  An emperor scorpion (D)
  A reaper (D)
  A stone giant (D)
  A deep elf demonologist (D)
  3 mummy priests (D)
  2 fire dragons (D)
  A deep elf high priest (D)
  5 dancing weapons (D)
  A death scarab (D)
  A deep elf archer (D)
  An orc knight (D)
  An orc sorcerer (D)
  4 deep elf magi (D)
  A wolf spider (D)
  A black mamba (D)
  A tormentor (D)
  An efreet (D)
  A red devil (D)
  4 guardian mummies (D)
  A troll (D)
  A wind drake (D)
  A jumping spider (D)
  3 hornets (D)
  3 flying skulls (D)
  5 redbacks (D)
  3 ushabtiu (D)
  3 tarantellas (D)
  A shadow (D)
  2 water elementals (D)
  A fire elemental (D)
  A warg (D)
  5 insubstantial wisps (D)
  3 water moccasins (D)
  3 hell hounds (D)
  2 orc warriors (D)
  2 phantoms (D)
  3 necrophages (D)
  2 ogres (D)
  4 wights (D)
  A crimson imp (D)
  4 orc priests (D)
  An orc wizard (D)
  5 mummies (D)
  2 adders (D)
  An ufetubus (D)
  An adder skeleton (D)
  4 adder zombies (D)
  3 orcs (D)
  4 bat skeletons (D)
  A bat zombie (D)
  2 ball pythons (D)
  3 ball python skeletons (D)
  2 leopard gecko skeletons (D)
  A leopard gecko zombie (D)
  A quokka zombie (D)
  A fire vortex (D)
124 creatures vanquished.

Vanquished Creatures (others)
  A hell hog (D)
  A deep elf mage (D)
  A fire vortex (D)
3 creatures vanquished.

Grand Total: 127 creatures vanquished

Notes
Turn   | Place    | Note
-------+----------+-------------------------------------------
     0 | D        | ytrimaz the Minotaur Fighter began the quest for the Orb.
     0 | D        | Reached XP level 1. HP: 19/19 MP: 0/0
     0 | D        | Found a blossoming altar of Fedhas.
     1 | D        | Found the +6 Majin-Bo {vamp, MP+6 Int+6}
     1 | D        | Found the +9 heavy crossbow "Sniper" {vorpal, Acc+∞ SInv}
     1 | D        | Found the +10 dark maul {vorpal}
     1 | D        | Found the +15 Maxwell's patent armour {-Cast -Tele rElec
                  | MR+ rCorr}
     1 | D        | Found the +18 shield of the Gong {rElec rN+ MR+ EV-5}
     1 | D        | Found the cursed +14 obsidian axe {vorpal, +Fly SInv
                  | *Curse}
     1 | D        | Found the +7 great mace "Firestarter" {inner flame, rF++}
     1 | D        | Found the +6 shillelagh "Devastator" {shatter}
     1 | D        | Found the +11 plutonium sword {*Contam Stlth-}
     1 | D        | Found the +8 lance "Wyrmbane" {slay drac, rPois rF+ rC+
                  | AC+3}
     1 | D        | Found the +9 sword of Zonguldrok {reap}
     1 | D        | Found the cursed +13 scythe of Curses {drain, *Curse}
     1 | D        | Found the +0 sword of Power
     1 | D        | Found the +7 mace of Variability {chain chaos}
     1 | D        | Found the +7 Singing Sword {vorpal, sonic wave}
     1 | D        | Found the +8 storm bow {elec, penet}
     1 | D        | Found a transporter.
     1 | D        | Found a viscous altar of Jiyva.
     1 | D        | Found an ancient bone altar of Kikubaaqudgha.
     1 | D        | Found a hazy altar of Hepliaklqana.
     1 | D        | Found a corrupted altar of Lugonu.
     1 | D        | Found an opulent altar of Gozag.
     1 | D        | Found a burning altar of Makhleb.
     6 | D        | Found an iron altar of Okawaru.
     6 | D        | Found a sparkling altar of Nemelex Xobeh.
     6 | D        | Found a stormy altar of Qazlal.
     6 | D        | Found a sacrificial altar of Ru.
     6 | D        | Found a shimmering blue altar of Sif Muna.
    21 | D        | Found a bloodstained altar of Trog.
    26 | D        | Became a worshipper of Makhleb the Destroyer
    45 | D        | Reached skill level 5 in Fighting
    45 | D        | Reached skill level 5 in Armour
    45 | D        | Reached skill level 5 in Shields
    45 | D        | Reached XP level 2. HP: 29/29 MP: 1/1
    94 | D        | Entered arena 2.
    94 | D        | Found a transporter.
    96 | D        | Reached XP level 3. HP: 37/37 MP: 2/2
   113 | D        | Entered arena 3.
   113 | D        | Noticed a hell hound
   113 | D        | Found a transporter.
   117 | D        | Reached * piety under Makhleb
   117 | D        | Reached skill level 6 in Shields
   117 | D        | Reached skill level 5 in Long Blades
   117 | D        | Reached XP level 4. HP: 19/45 MP: 3/3
   117 | D        | Killed a hell hound
   117 | D        | Reached skill level 8 in Shields
   117 | D        | Reached XP level 5. HP: 23/53 MP: 4/4
   293 | D        | Entered arena 4.
   293 | D        | Found a transporter.
   295 | D        | Reached ** piety under Makhleb
   311 | D        | Entered arena 5.
   311 | D        | Found a transporter.
   312 | D        | Identified the +5 hunting sling of Quantum Leap {venom,
                  | +Fly Str+8 Int-3 Stlth+}
   313 | D        | Reached *** piety under Makhleb
   317 | D        | Reached XP level 6. HP: 62/62 MP: 5/5
   324 | D        | Entered arena 6.
   324 | D        | Noticed a water elemental
   324 | D        | Noticed a +3 dire flail of holy wrath
   324 | D        | Noticed a +1 short sword of venom
   324 | D        | Noticed a water elemental
   324 | D        | Noticed a deep elf mage
   324 | D        | Found a transporter.
   328 | D        | Killed a +3 dire flail of holy wrath
   328 | D        | Reached **** piety under Makhleb
   328 | D        | Reached skill level 10 in Fighting
   328 | D        | Reached skill level 10 in Long Blades
   328 | D        | Reached skill level 10 in Shields
   328 | D        | Reached XP level 7. HP: 69/73 MP: 6/6
   328 | D        | Killed a +1 short sword of venom
   328 | D        | Reached skill level 10 in Armour
   328 | D        | Reached skill level 11 in Shields
   328 | D        | Reached XP level 8. HP: 78/82 MP: 7/7
   329 | D        | Killed a deep elf mage
   329 | D        | Reached skill level 12 in Shields
   329 | D        | Reached XP level 9. HP: 90/90 MP: 8/8
   331 | D        | Reached ***** piety under Makhleb
   349 | D        | Entered arena 7.
   349 | D        | Noticed a wind drake
   364 | D        | Killed a wind drake
   366 | D        | Reached skill level 13 in Shields
   381 | D        | Found a transporter.
   394 | D        | Got Cigotuvi's Compendium of Shifting Darkness
   396 | D        | Got the +7 broad axe of Boklixt {vorpal, rF++ rC+++ Dex-2
                  | Stlth+}
   402 | D        | Entered arena 8.
   413 | D        | Reached ****** piety under Makhleb
   415 | D        | Found a transporter.
   432 | D        | Entered arena 9.
   432 | D        | Noticed a mummy priest
   433 | D        | Identified the +8 broad axe of Vetoo {vorpal, MR+ Str+3}
   438 | D        | Noticed a phantasmal warrior
   439 | D        | Killed a mummy priest
   439 | D        | Reached skill level 15 in Long Blades
   439 | D        | Reached skill level 14 in Shields
   439 | D        | Reached XP level 10. HP: 101/101 MP: 9/9
   442 | D        | Found a transporter.
   577 | D        | Entered arena 10.
   577 | D        | Noticed a black mamba
   578 | D        | Found a transporter.
   579 | D        | Killed a black mamba
   585 | D        | Reached skill level 15 in Shields
   602 | D        | Got the +7 executioner's axe "Killer Bee's Foe" {vorpal,
                  | rC+ Int+2}
   614 | D        | Entered arena 11.
   615 | D        | Found a transporter.
   650 | D        | Entered arena 12.
   650 | D        | Noticed a fire dragon
   650 | D        | Noticed a hell hog
   650 | D        | Noticed a fire giant
   650 | D        | Noticed a fire dragon
   654 | D        | Found a transporter.
   657 | D        | Killed a hell hog
   667 | D        | Killed a fire dragon
   668 | D        | Reached skill level 16 in Shields
   675 | D        | Killed a fire dragon
   676 | D        | Killed a fire giant
   676 | D        | Reached skill level 17 in Shields
   676 | D        | Reached XP level 11. HP: 77/110 MP: 10/10
   796 | D        | Got the ring "Seoremos" {*Contam rElec rPois Stlth+}
   798 | D        | Got the ring of the Skies Above {rElec MR+ Str+6}
   823 | D        | Entered arena 13.
   824 | D        | Noticed a reaper
   825 | D        | Found a transporter.
   833 | D        | Killed a reaper
   833 | D        | Reached skill level 18 in Shields
   856 | D        | Got the +3 broad axe "Dragon's Tongue" {drain, MR+ Int+3
                  | Dex+3}
   869 | D        | Identified a +1 pair of boots of running (You found it in
                  | the Dungeon)
   880 | D        | Entered arena 14.
   881 | D        | Noticed an orc sorcerer
   881 | D        | Noticed an orc knight
   881 | D        | Noticed an orc warlord
   882 | D        | Noticed a stone giant
   895 | D        | Killed an orc sorcerer
   896 | D        | Killed an orc warlord
   900 | D        | Reached skill level 19 in Shields
   902 | D        | Killed a stone giant
   902 | D        | Reached skill level 15 in Fighting
   904 | D        | Killed an orc knight
   907 | D        | Found a transporter.
   915 | D        | Got the amulet of Yfomuv {Inacc MR+ Dex+4 SInv}
   929 | D        | Entered arena 15.
   930 | D        | Noticed a deep elf high priest
   930 | D        | Noticed a deep elf sorcerer
   930 | D        | Noticed a deep elf mage
   930 | D        | Noticed a deep elf sorcerer
   930 | D        | Noticed a +1 hand axe of venom
   930 | D        | Noticed a deep elf mage
   931 | D        | Noticed a deep elf archer
   931 | D        | Noticed a deep elf mage
   931 | D        | Noticed a deep elf blademaster
   931 | D        | Noticed a +1 dire flail of holy wrath
   931 | D        | Noticed a deep elf mage
   931 | D        | Noticed a deep elf demonologist
   931 | D        | Noticed a +0 hand axe of venom
   936 | D        | Killed a deep elf mage
   944 | D        | Killed a deep elf mage
   944 | D        | Reached XP level 12. HP: 71/121 MP: 11/11
   944 | D        | Reached skill level 20 in Shields
   945 | D        | Killed a deep elf high priest
   945 | D        | Reached skill level 21 in Shields
   945 | D        | Killed a deep elf sorcerer
   945 | D        | Killed a deep elf sorcerer
   947 | D        | Killed a deep elf demonologist
   947 | D        | Reached skill level 22 in Shields
   949 | D        | Killed a deep elf blademaster
   954 | D        | Found a transporter.
  1031 | D        | Got the cursed +1 spear of Duty {vorpal, +Blink rElec rN+++
                  | Str-4}
  1057 | D        | Entered arena 16.
  1058 | D        | Noticed an emperor scorpion
  1060 | D        | Found a transporter.
  1064 | D        | Reached skill level 23 in Shields
  1065 | D        | Reached skill level 15 in Armour
  1068 | D        | Reached XP level 13. HP: 133/133 MP: 12/12
  1073 | D        | Killed an emperor scorpion
  1080 | D        | Got the +7 battleaxe "Jinun" {speed, rPois rC++ Str+2
                  | Dex-4}
  1088 | D        | Got Tycs's Volume of Heat and Venom
  1106 | D        | Entered arena 17.
  1109 | D        | Noticed a greater mummy
  1109 | D        | Noticed a greater mummy
  1109 | D        | Noticed a mummy priest
  1110 | D        | Noticed a mummy priest
  1110 | D        | Noticed a greater mummy
  1111 | D        | Found a transporter.
  1113 | D        | Reached skill level 24 in Shields
  1119 | D        | Noticed an emperor scorpion
  1119 | D        | Noticed an emperor scorpion
  1119 | D        | Noticed an emperor scorpion
  1120 | D        | Noticed an emperor scorpion
  1120 | D        | Noticed an emperor scorpion
  1120 | D        | Killed a mummy priest
  1123 | D        | Killed a mummy priest
  1125 | D        | Killed a greater mummy
  1125 | D        | Reached skill level 25 in Shields
  1129 | D        | Slain by a red devil

Illustrated notes

Levels and vault maps discovered:
D:        sprint_v [room_start, room_1, room_2, room_3, room_4, room_5, room_6,
          room_7, room_8, room_9, room_10, room_11, room_12, room_13, room_14,
          room_15, room_16, room_17, room_18, room_19, room_20, room_21,
          room_22, room_23, room_24, room_25, room_26, room_27]

Skill      XL: |  1  2  3  4  5  6  7  8  9 10 11 12 13 |
---------------+----------------------------------------+-----
Fighting       | 5 6 7 8 10 11 12 13 14 15 17 18 | 18.6
Long Blades    | 3 4 5 6 7 10 12 13 15 18 20 | 20.0
Armour         | 5 6 7 8 9 10 11 12 13 15 | 15.9
Dodging        | 3 |  3.3
Shields        | 5 6 8 10 11 12 14 17 19 23 25 | 25.5
Axes           | |  2.4

Action                   |  1- 3 |  4- 6 |  7- 9 | 10-12 | 13-15 || total
-------------------------+-------+-------+-------+-------+-------++-------
Melee: Double sword      |     5 |    10 |    18 |    82 |    21 ||   136
       Headbutt          |     1 |       |    18 |    19 |     6 ||    44
       Lance             |       |       |    28 |     5 |       ||    33
Invok: Lesser Servant of |       |       |       |     1 |       ||     1
  Use: Potion            |     1 |       |       |     1 |       ||     2
Armor: Plate armour      |     5 |     1 |    12 |    63 |     6 ||    87
Dodge: Dodged            |       |     1 |     3 |     6 |       ||    10
Block: Kite shield       |    11 |     9 |    57 |   156 |    42 ||   275
       Rpst.: Double sword |       |       |       |     1 |       ||     1

Table legend: (Time is in decaauts)
 A = Elapsed time spent in this place.
 B = Non-inter-level travel time spent in this place.
 C = Inter-level travel time spent in this place.
 D = Time resting spent in this place.
 E = Time spent auto-exploring this place.
 F = Levels seen in this place.
 G = Mean time per level.
                   A        B        C        D        E       F      G
               +--------+--------+--------+--------+--------+-----+--------+
         Total |   1095 |   1095 |      0 |    441 |      0 |   1 | 1095.0 |
       Dungeon |   1095 |   1095 |      0 |    441 |      0 |   1 | 1095.0 |
               +--------+--------+--------+--------+--------+-----+--------+

Top non-repeatable levels by time:
       D: 1095 daAuts
